 Dungeon Crawl Stone Soup version 0.24.0-123-gd5b16e6ec5 (webtiles) character file.

Game seed: 12357175343882464471, levelgen mode: deterministic

176 LordRappington the Chopper (level 5, -5/45 HPs)
             Began as a Minotaur Berserker on Jan 11, 2020.
             Was a Believer of Trog.
             Slain by an iguana (11 damage)
             ... on level 2 of the Dungeon.
             The game lasted 00:03:13 (1362 turns).

LordRappington the Chopper (Minotaur Berserker)     Turns: 1362, Time: 00:03:13

Health: -5/45      AC:  5    Str: 22    XL:     5   Next: 30%
Magic:  4/4        EV: 11    Int:  5    God:    Trog [**....]
Gold:   90         SH:  0    Dex:  9    Spells: 4/4 levels left

rFire    . . .     SeeInvis .   a - +0 hand axe
rCold    . . .     Gourm    .   (no shield)
rNeg     . . .     Faith    .   d - +0 ring mail
rPois    .         Spirit   .   (helmet restricted)
rElec    .         Reflect  .   (no cloak)
rCorr    .         Harm     .   (no gloves)
MR       .....                  (no boots)
Stlth    ..........             (no amulet)
HPRegen  0.15/turn              (no ring)
MPRegen  0.09/turn              (no ring)

@: lethally poisoned (-5 -> -8)
A: retaliatory headbutt, horns 2
a: Berserk, Trog's Hand, Renounce Religion


You were on level 2 of the Dungeon.
You worshipped Trog.
Trog was pleased with you.
You were hungry.

You visited 1 branch of the dungeon, and saw 2 of its levels.

You collected 90 gold pieces.

Inventory:

Hand Weapons
 a - a +0 hand axe (weapon)
Armour
 d - a +0 ring mail (worn)
Jewellery
 p - a +5 ring of dexterity {unknown}
 q - a +6 ring of dexterity {unknown}
Scrolls
 g - a scroll of amnesia {unknown}
 h - a scroll of enchant weapon {unknown}
 k - a scroll of identify {unknown}
 l - a scroll of fear {unknown}
 m - a scroll of remove curse {unknown}
Potions
 b - 2 potions of curing {unknown}
 e - a potion of haste {unknown}
 f - a potion of resistance {unknown}
 i - a potion of heal wounds {unknown}
 j - a potion of degeneration {unknown}
 n - a potion of flight {unknown}
Comestibles
 c - 3 rations


   Skills:
 - Level 3.6 Fighting
 * Level 7.3 Axes
 - Level 2.4 Armour
 - Level 2.1 Dodging


You had 4 spell levels left.
You didn't know any spells.
Your spell library was empty.

Dungeon Overview and Level Annotations

Branches:
Dungeon (2/15)

Altars:
Elyvilon
Vehumet

Annotations:
D:2 1 transporter


Innate Abilities, Weirdness & Mutations

You reflexively headbutt those who attack you in melee.
You have a pair of horns on your head.


Message History

You slash the frilled lizard!
You kill the frilled lizard!
Trog accepts your kill.
You are feeling hungry.
You barely miss the iguana.
You feel sick.
The iguana bites you but does no damage.
You hit the iguana.
The iguana is lightly wounded.
The iguana closely misses you.
You hit the iguana but do no damage.
The iguana is lightly wounded.
You feel sick. The iguana bites you!
You barely miss the iguana.
The iguana is lightly wounded.
The iguana bites you!
* * * LOW HITPOINT WARNING * * *
You slash the iguana!
The iguana is severely wounded.
You feel sick. The iguana bites you!
You die...

##...#####.........# ###
#####..........#######.# ..#
##.....©.....##.# #.#
#.#####..#########..#.# #.###
........##8.....8##.#.# #....
..(.....#......o..#.#.# #....
........#.##.©.##.#.#.# #....
........#.##...##.#.#.# #.#..
.)†.....#......l@©#.#.#######....
........#.##...##.#..............
.†......#.##...##.#.#########...#
........#..?$$?((.#.# #....
#[#####.##8$._.$8##.# #..##
.........#########..#########..#.
.............©.................#.
...............................#.
.........####..................#.


You could see an iguana.

Vanquished Creatures
  A bullfrog (D:2)
  Jessica (D:2)
  4 adders (D:2)
  An ooze (D:1)
  2 worms (D:2)
  An orc (D:2)
  A bat (D:1)
  7 giant cockroaches
  4 goblins
  4 hobgoblins
  6 kobolds
  2 quokkas (D:2)
  4 frilled lizards (D:2)
  9 rats
47 creatures vanquished.

Notes
Turn   | Place    | Note
-------+----------+-------------------------------------------
     0 | D:1      | LordRappington the Minotaur Berserker began the quest for
                  | the Orb.
     0 | D:1      | Reached XP level 1. HP: 19/19 MP: 0/0
   130 | D:1      | Reached skill level 4 in Axes
   136 | D:1      | Reached XP level 2. HP: 25/26 MP: 1/1
   494 | D:1      | Reached skill level 5 in Axes
   573 | D:1      | Reached ** piety under Trog
   716 | D:2      | Found a radiant altar of Vehumet.
   722 | D:2      | Reached XP level 3. HP: 31/31 MP: 2/2
  1058 | D:2      | Found a white marble altar of Elyvilon.
  1060 | D:2      | Found a transporter.
  1067 | D:2      | Found a transporter.
  1097 | D:2      | Noticed a bullfrog
  1120 | D:2      | Noticed Jessica
  1124 | D:2      | Reached XP level 4. HP: 37/39 MP: 3/3
  1133 | D:2      | Killed Jessica
  1133 | D:2      | Reached skill level 6 in Axes
  1348 | D:2      | Killed a bullfrog
  1348 | D:2      | Reached skill level 7 in Axes
  1348 | D:2      | Reached XP level 5. HP: 35/45 MP: 4/4
  1362 | D:2      | Slain by an iguana

Levels and vault maps discovered:
D:1:      minmay_arrival_jagged, layout_loops_ring, chequers_mini_garden
D:2:      layout_basic, gammafunk_temple_overflow_arena, vehumet_crystals,
          uniq_jessica

Skill      XL: |  1  2  3  4 |
---------------+-------------+-----
Axes           | 4 5 7 |  7.3
Fighting       | |  3.6
Armour         | |  2.4
Dodging        | |  2.1

Action                   |  1- 3 |  4- 6 || total
-------------------------+-------+-------++-------
Melee: Hand axe          |    79 |    26 ||   105
       Headbutt          |    17 |     5 ||    22
  Eat: Chunk             |       |     1 ||     1
Armor: Ring mail         |    17 |     7 ||    24
Dodge: Dodged            |    41 |    11 ||    52
